 Dungeon Crawl Stone Soup version 0.31-a0-43-g46d131a48f (webtiles) character file.

Game seed: 13423176612678093816

1085 lunkers the Destroyer (level 8, -2/48 (50) HPs)
             Began as a Meteoran Wanderer on May 18, 2023.
             Slain by a wight
             ... wielding a +4 great sword
              (12 damage)
             ... on level 6 of the Dungeon.
             The game lasted 00:11:03 (2062 turns).

lunkers the Destroyer (Meteoran Wanderer)           Turns: 2062, Time: 00:11:03

HP:   -2/48 (50)    AC:  3    Str: 11    XL:     8   Next: 86%
MP:   15/17         EV: 11    Int: 17    God:
Gold: 215           SH:  0    Dex: 15    Spells: 9/18 levels left

rFire   . . .        a - staff of conjuration
rCold   . . .        (no shield)
rNeg    . . .        c - +0 robe
rPois   .            (no helmet)
rElec   .            (no cloak)
rCorr   .            (no gloves)
SInv    .            d - +0 pair of boots
Will    +....        (no amulet)
Stlth   +            (no ring)
HPRegen 0.28/turn    (no ring)
MPRegen 0.15/turn

%: no passive effects
@: glowing, lightly drained
A: sense surroundings 1, otherworldly, glowing, explore regen
a: no special abilities


You were on level 6 of the Dungeon.
You visited 1 branch of the dungeon, and saw 6 of its levels.

You collected 215 gold pieces.

Inventory:

Hand Weapons
 g - a +0 dagger
 s - a +3 flail of venom
Armour
 c - a +0 robe (worn)
 d - a +0 pair of boots (worn)
Magical Staves
 a - a staff of conjuration (weapon)
 l - a staff of fire
Scrolls
 q - a scroll of amnesia
Potions
 b - 2 potions of curing {unknown}
 e - a potion of brilliance
 f - a potion of lignification
 k - 3 potions of haste
 n - 2 potions of invisibility
 o - 2 potions of flight
 p - a potion of mutation {unknown}
 r - a potion of ambrosia {unknown}


   Skills:
 - Level 1.2 Throwing
 - Level 1.2 Armour
 - Level 1.4 Stealth
 + Level 5.9 Spellcasting
 * Level 8.3 Conjurations
 - Level 3.6 Translocations
 - Level 2.4 Fire Magic
 * Level 4.6 Air Magic


You had 9 spell levels left.
You knew the following spells:

 Your Spells              Type           Power      Damage    Failure   Level
b - Vhi's Electric Charg  Tloc/Air       38%        N/A       7%          3
c - Arcjolt               Conj/Air       20%        1d30      26%         5
p - Foxfire               Conj/Fire      100%       2x1d9     1%          1

Your spell library contained the following spells:

 Spells                   Type           Power      Damage    Failure   Level
 Apportation              Tloc           34%        N/A       3%          1
 Gell's Gravitas          Tloc           17%        N/A       9%          3
 Teleport Other           Tloc           17%        N/A       9%          3
 Slow                     Hex            20%        N/A       13%         1
 Sublimation of Blood     Necr           5%         N/A       21%         2
 Wereblood                Tmut           5%         N/A       21%         2
 Inner Flame              Hex/Fire       9%         N/A       24%         3
 Confusing Touch          Hex            5%         N/A       36%         3
 Vampiric Draining        Necr           5%         2d6       36%         3
 Summon Hydra             Summ           2%         N/A       100%        7
 Maxwell's Capacitive Co  Air            10%        ∞         100%        8


Dungeon Overview and Level Annotations

Branches:
Dungeon (6/15) Zot: 1714
 Temple: D:4-7

Altars:

Shops:
D:5 :


Innate Abilities, Weirdness & Mutations

You passively map a small area around you.
You are easily found by Zot.
You glow in the dark.
You regain HP and MP as you explore.


Message History

You feel a surge of power!
You conjure some foxfire!
Casting: Foxfire (safe; 1% risk of failure)
Confirm with . or Enter, or press ? or * to list all spells.
You feel a surge of power!
You conjure some foxfire!
Your foxfire dissipates! x2
You now have 215 gold pieces (gained 9).
Your foxfire dissipates! x2
A wight comes into view. It is wielding a +4 great sword.
The wight closely misses you.
Things that are here:
a +3 great sword; a +0 robe The wight attacks as you move away!
The wight hits you with a +4 great sword!
You feel drained.
Found 10 gold pieces.
The wight attacks as you move away!
The wight hits you with a +4 great sword.
* * * LOW HITPOINT WARNING * * *
Found an escape hatch in the floor.
Casting: Foxfire (safe; 1% risk of failure)
Confirm with . or Enter, or press ? or * to list all spells.
You feel a surge of power!
You conjure some foxfire!
The wight hits you with a +4 great sword!!
* * * LOW HITPOINT WARNING * * *
Casting: Foxfire (safe; 1% risk of failure)
Confirm with . or Enter, or press ? or * to list all spells.
You feel a surge of power!
You conjure some foxfire!
The foxfire hits the wight but does no damage.
The foxfire hits the wight.
The wight is moderately damaged.
The wight barely misses you.
Unknown command.
Casting: Foxfire (safe; 1% risk of failure)
Confirm with . or Enter, or press ? or * to list all spells.
You feel a surge of power!
You conjure some foxfire!
The foxfire hits the wight.
The wight is heavily damaged.
The foxfire hits the wight.
The wight is heavily damaged.
The wight hits you with a +4 great sword!
You die...

*
#...(.....)..###..
........##....#
..............#* .
............### #..
, ,
.........#..#.#....
,, *
............... , ,
.......).#.....,
.......z.# .... ,
.......@.#, ...
,......vv§...>.. *
............... ,*
#..###.##..#..$ *
*#.. .. .....# ,
#.,,#.. .....# ,
*##. #...## , , ..
#### , ,


You could see a wight (ally target).

Vanquished Creatures
  Sigmund (D:2)
  A black bear (D:5)
  3 phantoms
  2 scorpions
  2 wights (D:6)
  A howler monkey (D:4)
  A jelly (D:5)
  3 hounds
  An orc priest (D:4)
  2 iguanas
  An orc wizard (D:4)
  5 adders
  A gnoll (D:4)
  An ufetubus (D:5)
  3 dart slugs
  8 orcs
  3 bats
  4 endoplasms
  A giant cockroach (D:4)
  6 hobgoblins
  3 jackals (D:4)
  5 ball pythons
  3 frilled lizards (D:1)
  5 goblins
  5 kobolds
  3 rats (D:1)
74 creatures vanquished.

Vanquished Creatures (collateral kills)
  6 foxfires (D:4)
6 creatures vanquished.

Vanquished Creatures (others)
  260 foxfires
260 creatures vanquished.

Grand Total: 340 creatures vanquished

Notes
Turn   | Place    | Note
-------+----------+-------------------------------------------
     0 | D:1      | lunkers the Meteoran Wanderer began the quest for the Orb.
     0 | D:1      | lunkers set off with the following items: a +0 dagger, a
                  | potion of berserk rage, a +0 robe, a +0 pair of boots; and
                  | the following spells available to memorise: Apportation,
                  | Foxfire, Gell's Gravitas, Teleport Other, Inner Flame.
     0 | D:1      | Reached XP level 1. HP: 14/14 MP: 3/3
    74 | D:1      | Learned a level 1 spell: Foxfire
   139 | D:1      | Reached skill level 1 in Conjurations
   142 | D:1      | Reached XP level 2. HP: 20/20 MP: 1/5
   496 | D:1      | Glimpsed the power of Zot.
   499 | D:1      | Reached skill level 2 in Conjurations
   545 | D:1      | Glimpsed the power of Zot.
   584 | D:1      | Glimpsed the power of Zot.
   594 | D:1      | Touched by the power of Zot.
   649 | D:1      | Reached XP level 3. HP: 12/19 MP: 5/7
   693 | D:1      | Glimpsed the power of Zot.
   743 | D:1      | Glimpsed the power of Zot.
   785 | D:2      | Noticed Sigmund
   884 | D:1      | Reached skill level 3 in Conjurations
   910 | D:2      | Reached XP level 4. HP: 26/26 MP: 4/8
   944 | D:2      | Killed Sigmund
   945 | D:2      | Reached skill level 5 in Conjurations
   945 | D:2      | Reached XP level 5. HP: 4/31 MP: 0/11
   945 | D:2      | Reached XP level 6. HP: 5/38 MP: 0/12
  1182 | D:4      | Reached skill level 6 in Conjurations
  1182 | D:4      | Reached XP level 7. HP: 15/44 MP: 3/14
  1267 | D:4      | Learned a level 3 spell: Vhi's Electric Charge
  1273 | D:4      | Learned a level 5 spell: Arcjolt
  1400 | D:4      | Reached skill level 1 in Air Magic
  1518 | D:4      | Reached skill level 5 in Spellcasting
  1518 | D:4      | Reached skill level 7 in Conjurations
  1722 | D:5      | Entered Level 5 of the Dungeon
  1757 | D:5      | Reached XP level 8. HP: 50/50 MP: 7/16
  1959 | D:5      | Reached skill level 8 in Conjurations
  1979 | D:5      | Found Cawkas's Book Shop.
  2062 | D:6      | Slain by a wight

Illustrated notes

Levels and vault maps discovered:
D:1:      psy_arrival_wood_between_worlds, layout_loops_corners
D:2:      layout_basic, minmay_octomino_j4, uniq_natasha, uniq_sigmund
D:3:      layout_basic, mainiacjoe_overflow_paths, kiku_gazebo_pond_becter
D:4:      layout_loops_ring, cheibrodos_gnoll_hut
D:5:      kennysheep_spiral_hall, layout_basic,
          mainiacjoe_overflow_surrounded_room, zin_purify, serial_shops, shop,
          chequers_serial_rivers_micro_e
D:6:      layout_cave_pools

Skill      XL: |  1  2  3  4  5  6  7  8 |
---------------+-------------------------+-----
Conjurations   | 1 2 3 5 6 7 8 |  8.3
Spellcasting   | 2 3 4 5 |  5.9
Air Magic      | 2 4 |  4.6
Throwing       | |  1.2
Armour         | |  1.2
Stealth        | |  1.4
Translocations | |  3.6
Fire Magic     | |  2.4

Action                     |  1- 3 |  4- 6 |  7- 9 || total
---------------------------+-------+-------+-------++-------
  Melee: Staff             |    48 |     9 |    36 ||    93
   Cast: Foxfire           |    29 |    30 |    95 ||   154
    Use: Potion            |     1 |       |     2 ||     3
         Scroll            |       |       |    11 ||    11
 Armour: Robe              |    29 |     7 |    17 ||    53
  Dodge: Dodged            |    39 |    15 |    67 ||   121

Table legend: (Time is in decaauts)
 A = Elapsed time spent in this place.
 B = Non-inter-level travel time spent in this place.
 C = Inter-level travel time spent in this place.
 D = Time resting spent in this place.
 E = Time spent auto-exploring this place.
 F = Levels seen in this place.
 G = Mean time per level.
                   A        B        C        D        E       F      G
               +--------+--------+--------+--------+--------+-----+--------+
         Total |   2084 |   1889 |    195 |      0 |   1116 |   6 |  347.3 |
       Dungeon |   2084 |   1889 |    195 |      0 |   1116 |   6 |  347.3 |
               +--------+--------+--------+--------+--------+-----+--------+

Top non-repeatable levels by time:
     D:1: 848 daAuts
     D:4: 599 daAuts
     D:5: 300 daAuts
     D:3: 160 daAuts
     D:2: 136 daAuts
     D:6: 39 daAuts
